 Seeded DCSS version 0.29-a0-320-g9f8742066b (webtiles) character file.

Game seed: 20220403 (custom seed)

3289 a11behringer the Cleaver (level 9, 0/118 HPs)
             Began as a Minotaur Berserker on Apr 3, 2022.
             Was an Elder of Trog.
             Slain by a two-headed ogre
             ... wielding a +0 giant spiked club
              (9 damage)
             ... on level 7 of the Dungeon.
             The game lasted 00:15:22 (5628 turns).

a11behringer the Cleaver (Minotaur Berserker)       Turns: 5628, Time: 00:15:24

Health: 0/118      AC: 14    Str: 31    XL:     9   Next: 69%
Magic:  0/8        EV: 11    Int:  4    God:    Trog [****..]
Gold:   361        SH:  0    Dex:  9    Spells: 8/8 levels left

rFire   + . .      SeeInvis .   n - +0 war axe
rCold   . . .      Faith    .   (no shield)
rNeg    + . .      Spirit   +   i - +1 scale mail "Qoqet" {rF+ Str+4}
rPois   .          Reflect  .   l - +2 hat
rElec   .          Harm     .   w - +0 cloak
rCorr   .          Rampage  .   (no gloves)
Will    .....                   u - +1 pair of boots
Stlth   ..........              D - amulet of guardian spirit
HPRegen 0.29/turn               F - ring of positive energy
MPRegen 0.11/turn               (no ring)

@: berserking, very quick
A: horns 2, retaliatory headbutt
a: Renounce Religion, Berserk, Trog's Hand, Brothers in Arms


You were on level 7 of the Dungeon.
You worshipped Trog.
Trog was greatly pleased with you.
You visited 1 branch of the dungeon, and saw 7 of its levels.

You collected 361 gold pieces.

Inventory:

Hand Weapons
 a - a +0 hand axe
 n - a +0 war axe (weapon)
 o - a +0 whip of electrocution
 y - a +0 shortbow
 B - a +0 arbalest
Missiles
 e - 23 poisoned darts (quivered)
 K - 14 boomerangs of dispersal
Armour
 b - a +0 animal skin
 f - a +0 leather armour
 g - a +0 chain mail
 i - the +1 scale mail "Qoqet" (worn) {rF+ Str+4}
   (You found it on level 2 of the Dungeon)

   Str:       It affects your strength (+4).
   rF:        It protects you from fire.
 l - a +2 hat (worn)
 q - a +0 pair of boots
 u - a +1 pair of boots (worn)
 w - a +0 cloak (worn)
 x - a +1 robe of fire resistance
Jewellery
 D - an amulet of guardian spirit (around neck)
 F - a ring of positive energy (left hand)
Wands
 C - a wand of flame (34)
 E - a wand of paralysis (11)
Scrolls
 h - a scroll of fear
 j - 2 scrolls of teleportation
 p - a scroll of magic mapping
 r - a scroll of fog
 t - a scroll of vulnerability
 A - a scroll of identify
Potions
 c - a potion of attraction {unknown}
 d - 2 potions of berserk rage
 k - a potion of degeneration {unknown}
 m - 2 potions of brilliance
 s - 6 potions of curing
 v - 3 potions of lignification
 z - a potion of might {unknown}
 G - a potion of cancellation {unknown}
 H - 2 potions of mutation
 I - a potion of magic {unknown}
 J - 2 potions of heal wounds


   Skills:
 + Level 7.0 Fighting
 * Level 13.6 Axes
 + Level 6.6 Armour
 + Level 4.2 Dodging


You had 8 spell levels left.
You didn't know any spells.
Your spell library was empty.

Dungeon Overview and Level Annotations

Branches:
Dungeon (7/15)
 Temple: D:4-7

Altars:
Dithmenos
Fedhas
Qazlal
Uskayaw


Innate Abilities, Weirdness & Mutations

You have a pair of horns on your head.
You reflexively headbutt those who attack you in melee.


Message History

The centaur shoots an arrow.
The arrow barely misses you.
The centaur shoots an arrow.
The arrow hits you!
The centaur shoots an arrow.
The arrow closely misses you.
The centaur unwields a +0 shortbow.
The centaur hits you.
The centaur kicks you but does no damage.
You hit the centaur.
The centaur is moderately wounded.
The centaur barely misses you.
The centaur kicks you but does no damage.
You hit the centaur.
The centaur is moderately wounded.
The centaur closely misses you. You furiously retaliate!
You headbutt the centaur. The centaur misses you.
You slash the centaur!
The centaur is severely wounded.
The centaur hits you but does no damage.
The centaur barely misses you.
You slash the two-headed ogre!
The two-headed ogre is lightly wounded.
You hit the two-headed ogre.
Your headbutt misses the two-headed ogre.
The two-headed ogre is lightly wounded.
The two-headed ogre hits you with a +0 giant spiked club!!
The two-headed ogre hits you but does no damage.
You barely miss the two-headed ogre.
The two-headed ogre is lightly wounded.
A red film seems to cover your vision as you go berserk!
You feel yourself moving faster!
You feel mighty!
The two-headed ogre hits you with a +0 giant spiked club!!
The two-headed ogre hits you with a +0 giant club!
* * * LOW HITPOINT WARNING * * *
You barely miss the two-headed ogre.
The two-headed ogre is lightly wounded.
You hit the two-headed ogre.
Your headbutt misses the two-headed ogre.
The two-headed ogre is moderately wounded.
The two-headed ogre hits you with a +0 giant spiked club!
* * * LOW HITPOINT WARNING * * *
The two-headed ogre hits you with a +0 giant club!
You die... ..#........#.>.....####.#......+. ..#........#..####.# #.#......## ..#...)....#.....#.####...#.....# ..########.......).#...<....###.# ..###### ##...#######.##....#.... .......##[#####. ..##.##....#.#.# .......##+# F^'c

#.##.#####.#.#.# .......#
.#c#O##.##.#####.#.#.# .......#..
..#.@..##.......#.#.#
####...###########)#####...##....
#...#).....#.....# #...##....
#...#.#..#.#.#.#.# #...##....
#...#..##..#..#..# #...##....
#...#..##..#.#.#.# #...##....
#...#.#..#.'.....# #...##.###
#..........####### #...##.##
############ #.......#


You could see a two-headed ogre and a centaur.

Vanquished Creatures
  Pikel (D:7)
  The ghost of Patoropollo the Skirmisher, a novice HuCK of Xom (D:4)
  Grinder (D:5)
  Prince Ribbit (D:5)
  2 ice beasts
  3 black bears
  A centaur (D:4)
  2 lemures (D:7)
  An ogre (D:6)
  4 phantoms
  3 bullfrogs
  2 kobold brigands (D:7)
  Blork the orc (D:5)
  2 scorpions
  A howler monkey (D:7)
  5 hounds
  A jelly (D:6)
  An orc priest (D:4)
  An orc wizard (D:5)
  Jessica (D:2)
  5 iguanas
  Ijyb (D:5)
  3 gnolls (D:5)
  9 adders
  2 white imps
  An ufetubus (D:6)
  2 worms
  4 dart slugs
  28 orcs
  9 ball pythons
  4 bats (D:1)
  7 endoplasms
  2 giant cockroaches (D:2)
  9 hobgoblins
  9 jackals
  4 quokkas
  4 frilled lizards
  8 goblins
  12 kobolds
  8 rats
166 creatures vanquished.

Vanquished Creatures (others)
  A kobold (D:1)
  A rat (D:1)
  A fungus (D:7)
  13 plants
16 creatures vanquished.

Grand Total: 182 creatures vanquished

Notes
Turn   | Place    | Note
-------+----------+-------------------------------------------
     0 | D:1      | a11behringer the Minotaur Berserker began the quest for the
                  | Orb.
     0 | D:1      | Reached XP level 1. HP: 19/19 MP: 0/0
   230 | D:1      | Reached skill level 4 in Axes
   303 | D:1      | Reached XP level 2. HP: 21/27 MP: 1/1
   630 | D:1      | Found a faded altar of an unknown god.
   742 | D:1      | Reached XP level 3. HP: 33/33 MP: 2/2
   752 | D:1      | Reached ** piety under Trog
  1105 | D:2      | Identified the +1 scale mail "Qoqet" {rF+ Str+4}
  1266 | D:2      | Noticed Jessica
  1273 | D:2      | Killed Jessica
  1274 | D:2      | Reached skill level 5 in Axes
  1274 | D:2      | Reached XP level 4. HP: 25/40 MP: 3/3
  2274 | D:3      | Reached XP level 5. HP: 41/47 MP: 4/4
  2389 | D:3      | Reached skill level 6 in Axes
  2462 | D:3      | Reached *** piety under Trog
  2602 | D:3      | Found a shadowy altar of Dithmenos.
  3065 | D:4      | Found a runed translucent door.
  3067 | D:4      | Noticed Patoropollo's ghost (novice HuCK)
  3081 | D:4      | Reached skill level 7 in Axes
  3081 | D:4      | Reached XP level 6. HP: 53/53 MP: 5/5
  3094 | D:4      | Killed Patoropollo's ghost
  3095 | D:4      | Reached skill level 8 in Axes
  3095 | D:4      | Reached XP level 7. HP: 58/60 MP: 6/6
  3425 | D:4      | Reached skill level 5 in Fighting
  3425 | D:4      | Reached skill level 9 in Axes
  3889 | D:5      | Entered Level 5 of the Dungeon
  3925 | D:5      | Noticed Blork the orc
  3930 | D:5      | Killed Blork the orc
  4019 | D:5      | Noticed Ijyb
  4027 | D:5      | Killed Ijyb
  4038 | D:5      | Reached skill level 10 in Axes
  4038 | D:5      | Reached XP level 8. HP: 63/68 MP: 7/7
  4149 | D:5      | Noticed Prince Ribbit
  4151 | D:5      | Noticed Grinder
  4166 | D:5      | Killed Grinder
  4169 | D:5      | Reached skill level 11 in Axes
  4169 | D:5      | Reached skill level 5 in Armour
  4194 | D:5      | Killed Prince Ribbit
  4591 | D:6      | Reached skill level 12 in Axes
  4709 | D:6      | Reached XP level 9. HP: 75/75 MP: 8/8
  5116 | D:7      | Found a hide-covered altar of Uskayaw.
  5165 | D:7      | Found a stormy altar of Qazlal.
  5169 | D:7      | Found a blossoming altar of Fedhas.
  5249 | D:7      | Noticed Pikel
  5260 | D:7      | Killed Pikel
  5261 | D:7      | Reached skill level 13 in Axes
  5493 | D:7      | Reached **** piety under Trog
  5589 | D:7      | Noticed a two-headed ogre
  5628 | D:7      | Slain by a two-headed ogre

Illustrated notes

Levels and vault maps discovered:
D:1:      lemuel_arrival_room, layout_loops_cross,
          dreamdust_ecumenical_altar_statues, lemuel_flame_loot_1
D:2:      cheibrodos_old_hovel, layout_loops_cross, kennysheep_generic_room_6,
          uniq_jessica
D:3:      layout_loops_cross, nicolae_dithmenos_through_a_glass_darkly,
          serial_rivers, chequers_serial_rivers_small_b,
          chequers_serial_rivers_small_3, chequers_serial_rivers_small_b,
          chequers_serial_rivers_small_3, chequers_serial_rivers_micro_c
D:4:      nicolae_BIG_FREAKIN_CUBE, layout_rooms, ebering_ghost_sewer_d,
          palyth_stone_intersect, chequers_serial_rivers_micro_d
D:5:      layout_cave_pools, lemuel_old_faithful, uniq_prince_ribbit1,
          uniq_blork_the_orc, uniq_ijyb, uniq_grinder
D:6:      layout_gridville
D:7:      minmay_clustersquares, layout_basic,
          grunt_temple_overflow_forces_of_nature,
          nicolae_wu_jian_immortal_techniques,
          mainiacjoe_overflow_cross_hatched, temple_green,
          minmay_unpleasant_kobolds, uniq_pikel

Skill      XL: |  1  2  3  4  5  6  7  8  9 |
---------------+----------------------------+-----
Axes           | 4 5 7 8 10 12 13 | 13.6
Fighting       | 4 5 6 7 |  7.0
Armour         | 3 4 5 6 |  6.6
Dodging        | 3 4 |  4.2

Action                   |  1- 3 |  4- 6 |  7- 9 || total
-------------------------+-------+-------+-------++-------
Melee: Hand axe          |    84 |    35 |       ||   119
       Headbutt          |     9 |    11 |    33 ||    53
       Punch             |     1 |       |     2 ||     3
       War axe           |       |    83 |   196 ||   279
Invok: Berserk           |       |     1 |     4 ||     5
       Trog's Hand       |       |     1 |     3 ||     4
  Use: Scroll            |       |       |    13 ||    13
Armor: Animal skin       |     5 |       |       ||     5
       Chain mail        |    28 |       |       ||    28
       Leather armour    |     5 |       |       ||     5
       Scale mail        |     4 |    51 |   108 ||   163
Dodge: Dodged            |    56 |    54 |   119 ||   229

Table legend: (Time is in decaauts)
 A = Elapsed time spent in this place.
 B = Non-inter-level travel time spent in this place.
 C = Inter-level travel time spent in this place.
 D = Time resting spent in this place.
 E = Time spent auto-exploring this place.
 F = Levels seen in this place.
 G = Mean time per level.
                   A        B        C        D        E       F      G
               +--------+--------+--------+--------+--------+-----+--------+
         Total |   5683 |   5220 |    463 |      0 |   4220 |   7 |  811.9 |
       Dungeon |   5683 |   5220 |    463 |      0 |   4220 |   7 |  811.9 |
               +--------+--------+--------+--------+--------+-----+--------+

Top non-repeatable levels by time:
     D:3: 1102 daAuts
     D:1: 1091 daAuts
     D:2: 902 daAuts
     D:4: 840 daAuts
     D:5: 623 daAuts
     D:7: 583 daAuts
     D:6: 540 daAuts
